 Dungeon Crawl Stone Soup version 0.27-a0-417-g317cea8a3c (webtiles) character file.

Game seed: 289653640494511160

3 Anon1729 the Conjurer (level 1, 0/13 HPs)
             Began as a Demonspawn Conjurer on Feb 26, 2021.
             Slain by a kobold
             ... wielding a +0 dagger
              (2 damage)
             ... on level 1 of the Dungeon.
             The game lasted 00:00:42 (94 turns).

Anon1729 the Conjurer (Demonspawn Conjurer)           Turns: 94, Time: 00:00:43

Health: 0/13       AC:  2    Str:  7    XL:     1   Next: 41%
Magic:  0/3        EV: 12    Int: 19    God:
Gold:   0          SH:  0    Dex: 11    Spells: 3/4 levels left

rFire    . . .     SeeInvis .   (no weapon)
rCold    . . .     Faith    .   (no shield)
rNeg     . . .     Spirit   .   a - +0 robe
rPois    .         Reflect  .   (no helmet)
rElec    .         Harm     .   (no cloak)
rCorr    .         Rampage  .   (no gloves)
Will     .....                  (no boots)
Stlth    ++........             (no amulet)
HPRegen  0.04/turn              (no ring)
MPRegen  0.08/turn              (no ring)

@: no status effects
A: no striking features
a: no special abilities


You were on level 1 of the Dungeon.
You visited 1 branch of the dungeon, and saw 1 of its levels.

Inventory:

Armour
 a - a +0 robe (worn)


   Skills:
 - Level 1.7 Dodging
 - Level 1.7 Stealth
 + Level 2.0 Spellcasting
 + Level 4.1 Conjurations


You had 3 spell levels left.
You knew the following spells:

 Your Spells              Type           Power        Failure   Level
a - Magic Dart            Conj           68%          3%          1

Your spell library contained the following spells:

 Spells                   Type           Power        Failure   Level
 Searing Ray              Conj           34%          4%          2
 Dazzling Flash           Conj/Hex       18%          22%         3
 Fulminant Prism          Conj/Hex       4%           56%         4
 Iskenderun's Mystic Bla  Conj/Tloc      9%           56%         4


Dungeon Overview and Level Annotations

Branches:
Dungeon (1/15)

Altars:


Message History

The magic dart hits the gnoll.
The gnoll is heavily wounded.
You are too depleted to draw on your mana recklessly!
A bat comes into view.
The magic dart hits the gnoll.
The gnoll is severely wounded.
The bat hits you but does no damage. The bat hits you but does no damage.
The bat closely misses you.
A kobold comes into view. It is wielding a +0 dagger.
The kobold shouts!
The bat hits you but does no damage. The bat closely misses you.
You hit the bat but do no damage. The bat misses you.
The bat hits you but does no damage.
The bat hits you but does no damage. x2; The kobold throws a stone.
The stone barely misses you.
The stone misses the bat.
The stone misses the gnoll.
You aren't carrying any items that you can evoke.
You aren't carrying any potions.
The bat barely misses you. The kobold completely misses you.
You barely miss the kobold. The bat closely misses you. x2
The gnoll misses you. The kobold hits you with a +0 dagger.
Casting: Magic Dart (safe; 3% risk of failure)
Confirm with . or Enter, or press ? or * to list all spells.
Aiming: Magic Dart (safe; 3% risk of failure)
Press: ? - help, Shift-Dir - straight line, f - kobold, p - gnoll
Aim: a kobold, wielding a +0 dagger and quivering stones (0% to evade)
The magic dart hits the kobold.
The kobold is severely wounded.
The bat hits you. The bat barely misses you. The gnoll barely misses you.
The kobold barely misses you.
You closely miss the kobold.
The kobold is moderately wounded.
The bat closely misses you. The bat hits you but does no damage.
The gnoll hits you from afar with a +0 spear!
Ouch! That really hurt!
* * * LOW HITPOINT WARNING * * *
The kobold hits you with a +0 dagger.
You die...

..............#
####.#.....#...#
#####.#...#...#..
..........###....
..........# ....
......#.### #..
#.....#g# ##
#.....#b# .....
#@# ..## #K# .
#.# ... ... .....
..... ......#


You could see a gnoll, a bat and a kobold.

Vanquished Creatures
  A giant cockroach (D:1)
  A goblin (D:1)
  A rat (D:1)
3 creatures vanquished.

Notes
Turn   | Place    | Note
-------+----------+-------------------------------------------
     0 | D:1      | Anon1729 the Demonspawn Conjurer began the quest for the
                  | Orb.
     0 | D:1      | Reached XP level 1. HP: 13/13 MP: 3/3
    94 | D:1      | Slain by a kobold

Illustrated notes

Levels and vault maps discovered:
D:1:      tarquinn_simple_flora_water_c, layout_rooms

Action                   || total
-------------------------++-------
Melee: Unarmed           ||     3
 Cast: Magic Dart        ||     9
Armor: Robe              ||     7
Dodge: Dodged            ||    14

Table legend: (Time is in decaauts)
 A = Elapsed time spent in this place.
 B = Non-inter-level travel time spent in this place.
 C = Inter-level travel time spent in this place.
 D = Time resting spent in this place.
 E = Time spent auto-exploring this place.
 F = Levels seen in this place.
 G = Mean time per level.
                   A        B        C        D        E       F      G
               +--------+--------+--------+--------+--------+-----+--------+
         Total |     94 |     94 |      0 |     34 |     16 |   1 |   94.0 |
       Dungeon |     94 |     94 |      0 |     34 |     16 |   1 |   94.0 |
               +--------+--------+--------+--------+--------+-----+--------+

Top non-repeatable levels by time:
     D:1: 94 daAuts
